 Dungeon Crawl Stone Soup version 0.19.4-12-gccf7e64 (console) character file.

32 Grinner the Shield-Bearer (level 3, -18/36 HPs)
             Began as a Troll Fighter on Feb 27, 2017.
             Killed from afar by Ijyb (23 damage)
             ... with a wand of lightning
             ... on level 2 of the Dungeon.
             The game lasted 00:01:33 (634 turns).

Grinner the Shield-Bearer (Troll Fighter)            Turns: 634, Time: 00:01:35

Health: -18/36     AC:  5    Str: 24    XL:     3   Next: 8%
Magic:  2/2        EV:  8    Int:  4    God:
Gold:   54         SH: 12    Dex: 10    Spells: 0 memorised, 2 levels left

rFire  . . .     SeeInvis .     h - staff of poison (curse)
rCold  . . .     Gourm    +     a - +0 robe
rNeg   . . .     Faith    .     b - +0 shield
rPois  +         Spirit   .     (helmet restricted)
rElec  .         Reflect  +     (no cloak)
rCorr  .         Harm     .     (gloves unavailable)
MR     .....                    (boots unavailable)
Stlth  +.........               j - +3 amulet of reflection
                                (no ring)
                                (no ring)

@: no status effects
A: unfitting armour, claws 3, fast metabolism 3, gourmand, regeneration 1,
shaggy fur 1, tough skin 2
a: no special abilities


You were on level 2 of the Dungeon.
You were not hungry.

You visited 1 branch of the dungeon, and saw 2 of its levels.

You collected 54 gold pieces.

Inventory:

Armour
 a - a +0 robe (worn)
 b - a +0 shield (worn)
Magical Staves
 h - a cursed staff of poison (weapon)
Jewellery
 j - a +3 amulet of reflection (around neck)
Potions
 c - a potion of might
 e - a potion of magic {unknown}
 f - a potion of brilliance {unknown}
 g - a potion of berserk rage {unknown}
Comestibles
 d - 3 bread rations
 i - a beef jerky


   Skills:
 - Level 2.4 Fighting
 - Level 2.4 Dodging
 * Level 3.1 Shields
 + Level 2.7 Unarmed Combat


You had 2 spell levels left.
You didn't know any spells.

Dungeon Overview and Level Annotations

Branches:
Dungeon (2/15)

Altars:

Annotations:
D:2 Ijyb


Innate Abilities, Weirdness & Mutations

You are too large for most types of armour.
You have claws for hands.
Your metabolism is lightning-fast.
You like to eat raw meat.
Your natural rate of healing is unusually fast.
You are covered in fur. (AC +1)
You have very tough skin. (AC +2)


Message History

The giant cockroach is almost dead.
You block Ijyb's attack.
Ijyb zaps a wand.
The bolt of lightning misses you.
It is a wand of lightning.
The giant cockroach barely misses you. You block the giant cockroach's attack.
Ijyb screams, "Level is mine!
All mine!"
You block Ijyb's attack.
You completely miss the giant cockroach.
The giant cockroach is almost dead.
Ijyb hits you. You block the giant cockroach's attack.
You barely miss the giant cockroach.
The giant cockroach is almost dead.
You block Ijyb's attack. You block the giant cockroach's attack.
Ijyb zaps a wand.
The bolt of lightning hits you!
You hit the giant cockroach.
You kill the giant cockroach!
Ijyb zaps a wand.
The bolt of lightning hits you!
* * * LOW HITPOINT WARNING * * *
Ijyb zaps a wand.
The bolt of lightning hits you!
Ouch! That really hurt!
You die...

#....# ##.....
#.##.#####P....
#.##.#....P♣ #.##.#.#...♣
######.#....##P.♣♣
#.........#.#..P.♣
###.####..###.#.#..P....♣
#...........#.#.####...PP
##.#.#....##.###@# ....PP
#......#...#.#...g.........
#..#+#.#...# #.#..[.....#)#
#..........#.........#.## #
###....#.#.### ......#
+......# .....#..♣
###...#.#..# .#####....
.....##.#.## #. .♣♣
#.....<.♣♣♣


You could see Ijyb.

Vanquished Creatures
  3 bats
  4 giant cockroaches
  5 goblins
  2 hobgoblins
  2 jackals (D:1)
  A quokka (D:2)
  A frilled lizard (D:2)
  5 kobolds
  4 rats
27 creatures vanquished.

Notes
Turn   | Place    | Note
-------+----------+-------------------------------------------
     0 | D:1      | Grinner the Troll Fighter began the quest for the Orb.
     0 | D:1      | Reached XP level 1. HP: 22/22 MP: 0/0
   156 | D:1      | Reached XP level 2. HP: 29/29 MP: 1/1
   254 | D:1      | Reached skill level 3 in Shields
   580 | D:2      | Reached XP level 3. HP: 36/36 MP: 2/2
   626 | D:2      | Noticed Ijyb
   634 | D:2      | Killed from afar by Ijyb

Skill      XL: |  1  2 |
---------------+-------+-----
Shields        | 3 |  3.1
Fighting       | |  2.4
Dodging        | |  2.4
Unarmed Combat | |  2.7

Action                   || total
-------------------------++-------
Melee: Unarmed           ||    57
       Staff             ||    19
  Eat: Chunk             ||     6
Armor: Robe              ||    24
Dodge: Dodged            ||    21
Block: Shield            ||    47
